TOP OF THE 1ST |
Niagara Falls Phantoms batting - Pitching for London Majors : LHP Antoine Herndon
|
Pitching: LHP Antoine Herndon
|
|
Batting: RHB Paul Ngumi
|
0-0: Ball 1-0: Ball 2-0: Foul Ball, location: 2F 2-1: Ball 3-1: Called Strike 3-2: Strikes out swinging
|
Batting: RHB Tchaa Kombate
|
0-0: Ball 1-0: Foul Ball, location: 2F 1-1: Swinging Strike 1-2: Foul Ball, location: 2F 1-2: Strikes out swinging
|
Batting: LHB Danny de Leon
|
0-0: Called Strike 0-1: Ball 1-1: Ball 2-1: Ball 3-1: Called Strike 3-2: Foul Ball, location: 2F 3-2: Strikes out swinging
|
Top of the 1st over - 0 runs, 0 hits, 0 errors, 0 left on base; Niagara Falls 0 - London 0 |
BOTTOM OF THE 1ST |
London Majors batting - Pitching for Niagara Falls Phantoms : RHP Lucas Uil
|
Pitching: RHP Lucas Uil
|
|
Batting: RHB Manny Elizondo
|
0-0: Ball 1-0: Foul Ball, location: 2F 1-1: Foul Ball, location: 2F 1-2: Foul Ball, location: 2F 1-2: Fly out, F9 (Flyball, 9LSF, EV 88.1 MPH)
|
Batting: LHB Ron de Vos
|
0-0: Called Strike 0-1: Ball 1-1: Foul Ball, location: 2F 1-2: Ball 2-2: Foul Ball, location: 2F 2-2: Ball 3-2: Strikes out looking
|
Batting: RHB Mark Noftall
|
0-0: Called Strike 0-1: Fly out, F9 (Flyball, 9D, EV 108.1 MPH)
|
Bottom of the 1st over - 0 runs, 0 hits, 0 errors, 0 left on base; Niagara Falls 0 - London 0 |
TOP OF THE 2ND |
Niagara Falls Phantoms batting - Pitching for London Majors : LHP Antoine Herndon
|
Batting: RHB Ken Stair
|
0-0: Ball 1-0: Foul Ball, location: 2F 1-1: Swinging Strike 1-2: Strikes out swinging
|
Batting: SHB Dylan Best
|
0-0: Called Strike 0-1: Reached on error, E5 (Groundball, 56, EV 79.4 MPH)
|
Batting: RHB Jose Villanueva
|
0-0: Ball 1-0: Foul Ball, location: 2F 1-1: Swinging Strike 1-2: Foul Ball, location: 2F 1-2: Ball 2-2: 2-RUN HOME RUN (Flyball, 7D, EV 99.4 MPH), Distance : 376 ft
|
Batting: SHB Hui Li
|
0-0: Ball 1-0: Swinging Strike 1-1: Foul Ball, location: 2F 1-2: Foul Ball, location: 2F 1-2: Strikes out swinging
|
Batting: RHB Arturo Gomez
|
0-0: Foul Ball, location: 2F 0-1: Ground out 3-1 (Groundball, 34S, EV 81.9 MPH)
|
Top of the 2nd over - 2 runs, 1 hit, 1 error, 0 left on base; Niagara Falls 2 - London 0 |
BOTTOM OF THE 2ND |
London Majors batting - Pitching for Niagara Falls Phantoms : RHP Lucas Uil
|
Batting: RHB Brandon Williams
|
0-0: Ball 1-0: Foul Ball, location: 2F 1-1: Foul Ball, location: 2F 1-2: SINGLE (Groundball, 6D, EV 106.2 MPH)
|
Batting: RHB Carlos Murillo
|
0-0: Ball 1-0: Ball 2-0: Ball 3-0: Base on Balls Brandon Williams to second
|
Batting: LHB Nate Greening
|
0-0: Ball 1-0: Ball 2-0: Foul Ball, location: 2F 2-1: Called Strike 2-2: Strikes out swinging
|
Batting: RHB Lao-che Zhu
|
0-0: Called Strike 0-1: Called Strike 0-2: Foul Ball, location: 2F 0-2: Strikes out looking
|
Batting: RHB Benedikt Fleischmann
|
0-0: Called Strike 0-1: Ball 1-1: Ball 2-1: Foul Ball, location: 2F 2-2: Ground out U3 (Groundball, 34, EV 85.0 MPH)
|
Bottom of the 2nd over - 0 runs, 1 hit, 0 errors, 2 left on base; Niagara Falls 2 - London 0 |
TOP OF THE 3RD |
Niagara Falls Phantoms batting - Pitching for London Majors : LHP Antoine Herndon
|
Batting: LHB Dave Ortiz
|
0-0: Fly out, F4 (Line Drive, 4, EV 69.4 MPH)
|
Batting: RHB Paul Ngumi
|
0-0: Ball 1-0: Called Strike 1-1: Fly out, F8 (Flyball, 78M, EV 95.0 MPH)
|
Batting: RHB Tchaa Kombate
|
0-0: Ground out 1-3 (Groundball, 13, EV 74.4 MPH)
|
Top of the 3rd over - 0 runs, 0 hits, 0 errors, 0 left on base; Niagara Falls 2 - London 0 |
BOTTOM OF THE 3RD |
London Majors batting - Pitching for Niagara Falls Phantoms : RHP Lucas Uil
|
Batting: RHB Jorge Alva
|
0-0: Fly out, F7 (Flyball, 78M, EV 91.9 MPH)
|
Batting: RHB Manny Elizondo
|
0-0: Ball 1-0: Swinging Strike 1-1: Ground out 5-3 (Groundball, 56, EV 86.9 MPH)
|
Batting: LHB Ron de Vos
|
0-0: Fly out, F8 (Flyball, 8LM, EV 88.8 MPH)
|
Bottom of the 3rd over - 0 runs, 0 hits, 0 errors, 0 left on base; Niagara Falls 2 - London 0 |
TOP OF THE 4TH |
Niagara Falls Phantoms batting - Pitching for London Majors : LHP Antoine Herndon
|
Batting: LHB Danny de Leon
|
0-0: Ground out 6-3 (Groundball, 6M, EV 108.1 MPH)
|
Batting: RHB Ken Stair
|
0-0: Ball 1-0: Called Strike 1-1: Ground out 5-3 (Groundball, 56S, EV 63.8 MPH)
|
Batting: SHB Dylan Best
|
0-0: Called Strike 0-1: Ball 1-1: Called Strike 1-2: Ball 2-2: Ball 3-2: Foul Ball, location: 2F 3-2: Strikes out swinging
|
Top of the 4th over - 0 runs, 0 hits, 0 errors, 0 left on base; Niagara Falls 2 - London 0 |
BOTTOM OF THE 4TH |
London Majors batting - Pitching for Niagara Falls Phantoms : RHP Lucas Uil
|
Batting: RHB Mark Noftall
|
0-0: Ball 1-0: Ball 2-0: Ball 3-0: Base on Balls
|
Batting: RHB Brandon Williams
|
0-0: Ball 1-0: Foul Ball, location: 2F 1-1: Swinging Strike 1-2: Ball 2-2: Ground out U3 (Groundball, 3, EV 104.4 MPH) Mark Noftall to second
|
Batting: RHB Carlos Murillo
|
0-0: Ground out 5-3 (Groundball, 56, EV 78.8 MPH)
|
Batting: LHB Nate Greening
|
0-0: Ball 1-0: Ground out 5-3 (Groundball, 56, EV 88.8 MPH)
|
Bottom of the 4th over - 0 runs, 0 hits, 0 errors, 1 left on base; Niagara Falls 2 - London 0 |
TOP OF THE 5TH |
Niagara Falls Phantoms batting - Pitching for London Majors : LHP Antoine Herndon
|
Batting: RHB Jose Villanueva
|
0-0: Ball 1-0: Ground out 6-3 (Groundball, 4M, EV 101.9 MPH)
|
Batting: SHB Hui Li
|
0-0: Foul Ball, location: 2F 0-1: Called Strike 0-2: Foul Ball, location: 2F 0-2: Strikes out swinging
|
Batting: RHB Arturo Gomez
|
0-0: Called Strike 0-1: Ball 1-1: Ball 2-1: Ball 3-1: Base on Balls
|
Batting: LHB Dave Ortiz
|
0-0: Called Strike 0-1: Foul Ball, location: 2F 0-2: Ball 1-2: Foul Ball, location: 2F 1-2: Ball 2-2: Fly out, F9 (Flyball, 9S, EV 89.4 MPH)
|
Top of the 5th over - 0 runs, 0 hits, 0 errors, 1 left on base; Niagara Falls 2 - London 0 |
BOTTOM OF THE 5TH |
London Majors batting - Pitching for Niagara Falls Phantoms : RHP Lucas Uil
|
Batting: RHB Lao-che Zhu
|
0-0: Called Strike 0-1: Ground out 4-3 (Groundball, 4, EV 91.2 MPH)
|
Batting: RHB Benedikt Fleischmann
|
0-0: Swinging Strike 0-1: SINGLE (Line Drive, 89M, EV 98.1 MPH)
|
Batting: RHB Jorge Alva
|
0-0: Ball 1-0: Swinging Strike 1-1: Foul Ball, location: 2F 1-2: Ball 2-2: Ball 3-2: Reached on error, E5 (Groundball, 56, EV 90.6 MPH) Benedikt Fleischmann to second
|
Batting: RHB Manny Elizondo
|
0-0: Called Strike 0-1: Hit by Pitch Benedikt Fleischmann to third Jorge Alva to second
|
Batting: LHB Ron de Vos
|
0-0: Called Strike 0-1: Fly out, F5 (Popup, 5, EV 69.4 MPH)
|
Batting: RHB Mark Noftall
|
0-0: Called Strike 0-1: Foul Ball, location: 2F 0-2: Ball 1-2: Foul Ball, location: 2F 1-2: Foul Ball, location: 2F 1-2: Foul Ball, location: 2F 1-2: Ball 2-2: Fly out, F9 (Flyball, 9S, EV 88.1 MPH)
|
Bottom of the 5th over - 0 runs, 1 hit, 1 error, 3 left on base; Niagara Falls 2 - London 0 |
TOP OF THE 6TH |
Niagara Falls Phantoms batting - Pitching for London Majors : LHP Antoine Herndon
|
Batting: RHB Paul Ngumi
|
0-0: Called Strike 0-1: Ball 1-1: Called Strike 1-2: Strikes out swinging
|
Batting: RHB Tchaa Kombate
|
0-0: Called Strike 0-1: SINGLE (Groundball, 56, EV 106.2 MPH) (infield hit)
|
Batting: LHB Danny de Leon
|
0-0: Fly out, F7 (Flyball, 7D, EV 85.6 MPH)
|
Batting: RHB Ken Stair
|
0-0: Foul Ball, location: 2F 0-1: Foul Ball, location: 2F 0-2: Ball Wild Pitch! Tchaa Kombate to second 1-2: Ball 2-2: Foul Ball, location: 2F 2-2: SINGLE (Groundball, 5D, EV 100.6 MPH) Tchaa Kombate to third Runner from 3rd tries for Home, SAFE, throw by LF to home
|
Batting: SHB Dylan Best
|
0-0: Fielders Choice at 2nd, 6-4 (Groundball, 6, EV 91.2 MPH)
|
Top of the 6th over - 1 run, 2 hits, 0 errors, 1 left on base; Niagara Falls 3 - London 0 |
BOTTOM OF THE 6TH |
London Majors batting - Pitching for Niagara Falls Phantoms : RHP Lucas Uil
|
Batting: RHB Brandon Williams
|
0-0: Called Strike 0-1: Fly out, F8 (Line Drive, 8LM, EV 86.9 MPH)
|
Batting: RHB Carlos Murillo
|
0-0: Swinging Strike 0-1: Ball 1-1: Foul Ball, location: 2F 1-2: Ball 2-2: Fly out, F8 (Flyball, 8LM, EV 91.9 MPH)
|
Batting: LHB Nate Greening
|
0-0: SOLO HOME RUN (Flyball, 8RXD, EV 111.2 MPH), Distance : 442 ft
|
Batting: RHB Lao-che Zhu
|
0-0: SOLO HOME RUN (Line Drive, 9LD, EV 93.8 MPH), Distance : 360 ft
|
Batting: RHB Benedikt Fleischmann
|
0-0: Ball 1-0: Ball 2-0: Ball 3-0: Foul Ball, location: 2F 3-1: Base on Balls
|
Batting: RHB Jorge Alva
|
0-0: Called Strike 0-1: Ball 1-1: Ball 2-1: Ball 3-1: Called Strike 3-2: Base on Balls Benedikt Fleischmann to second
|
Batting: RHB Manny Elizondo
|
0-0: Ball 1-0: Called Strike 1-1: Called Strike 1-2: Hit by Pitch Benedikt Fleischmann to third Jorge Alva to second
|
Batting: LHB Ron de Vos
|
0-0: Ball 1-0: Ball 2-0: Ball 3-0: Called Strike 3-1: Called Strike 3-2: Foul Ball, location: 2F 3-2: Foul Ball, location: 2F 3-2: Base on Balls Benedikt Fleischmann scores Jorge Alva to third Manny Elizondo to second
|
Pitching: RHP Alex Roman
|
|
Batting: RHB Mark Noftall
|
0-0: Ball 1-0: Ball 2-0: Foul Ball, location: 2F 2-1: Called Strike 2-2: Ball 3-2: Foul Ball, location: 2F 3-2: DOUBLE (Line Drive, 78D, EV 94.4 MPH) Jorge Alva scores Manny Elizondo scores Ron de Vos to third Ron de Vos scores
|
Batting: RHB Brandon Williams
|
0-0: Ball 1-0: Ground out 5-3 (Groundball, 56, EV 88.1 MPH)
|
Bottom of the 6th over - 6 runs, 3 hits, 0 errors, 1 left on base; Niagara Falls 3 - London 6 |
TOP OF THE 7TH |
Niagara Falls Phantoms batting - Pitching for London Majors : LHP Antoine Herndon
|
Batting: RHB Jose Villanueva
|
0-0: Ball 1-0: Ball 2-0: Foul Ball, location: 2F 2-1: Foul Ball, location: 2F 2-2: Ball 3-2: Foul Ball, location: 2F 3-2: Fly out, F7 (Line Drive, 7, EV 92.5 MPH)
|
Batting: SHB Hui Li
|
0-0: Ball 1-0: Fly out, F8 (Line Drive, 8LD, EV 108.1 MPH)
|
Batting: RHB Arturo Gomez
|
0-0: Called Strike 0-1: Swinging Strike 0-2: SINGLE (Groundball, 4MD, EV 93.8 MPH)
|
Batting: LHB Dave Ortiz
|
0-0: Ball 1-0: Foul Ball, location: 2F 1-1: Foul Ball, location: 2F 1-2: Foul Ball, location: 2F 1-2: Fly out, F5 (Popup, 5SF, EV 89.4 MPH)
|
Top of the 7th over - 0 runs, 1 hit, 0 errors, 1 left on base; Niagara Falls 3 - London 6 |
BOTTOM OF THE 7TH |
London Majors batting - Pitching for Niagara Falls Phantoms : RHP Alex Roman
|
Batting: RHB Carlos Murillo
|
0-0: Called Strike 0-1: Ball 1-1: Ball 2-1: SINGLE (Line Drive, 7S, EV 91.9 MPH)
|
Batting: LHB Nate Greening
|
0-0: Sac Bunt to 23 - play at first, batter OUT! 3-4 Carlos Murillo to second
|
Batting: RHB Lao-che Zhu
|
0-0: Called Strike 0-1: Ball 1-1: Foul Ball, location: 2F 1-2: Ball 2-2: Strikes out swinging
|
Batting: RHB Benedikt Fleischmann
|
0-0: Ball 1-0: Swinging Strike 1-1: DOUBLE (Groundball, 5L, EV 108.8 MPH) Carlos Murillo scores
|
Batting: RHB Jorge Alva
|
0-0: Called Strike 0-1: Ball 1-1: Called Strike 1-2: Ball 2-2: Ball 3-2: Foul Ball, location: 2F 3-2: Base on Balls
|
Batting: RHB Manny Elizondo
|
0-0: Called Strike 0-1: Ball 1-1: Ball 2-1: Ball 3-1: Called Strike 3-2: Strikes out swinging
|
Bottom of the 7th over - 1 run, 2 hits, 0 errors, 2 left on base; Niagara Falls 3 - London 7 |
TOP OF THE 8TH |
Niagara Falls Phantoms batting - Pitching for London Majors : LHP Antoine Herndon
|
Batting: RHB Paul Ngumi
|
0-0: Called Strike 0-1: Ball 1-1: Ball 2-1: Foul Ball, location: 2F 2-2: Ball 3-2: Foul Ball, location: 2F 3-2: Foul Ball, location: 2F 3-2: Strikes out swinging
|
Batting: LHB Chris Viehman
|
0-0: Ball 1-0: SINGLE (Line Drive, 6M, EV 105.6 MPH)
|
Pitching: RHP Chris Mansfield
|
|
Batting: LHB Danny de Leon
|
0-0: Ball 1-0: 2-RUN HOME RUN (Flyball, 89XD, EV 105.0 MPH), Distance : 439 ft
|
Batting: RHB Ken Stair
|
0-0: Foul Ball, location: 2F 0-1: Ball 1-1: Called Strike 1-2: Ball 2-2: Ground out 6-3 (Groundball, 6, EV 86.9 MPH)
|
Batting: SHB Dylan Best
|
0-0: Ball 1-0: Ball 2-0: Ground out 4-3 (Groundball, 4, EV 85.0 MPH)
|
Top of the 8th over - 2 runs, 2 hits, 0 errors, 0 left on base; Niagara Falls 5 - London 7 |
BOTTOM OF THE 8TH |
London Majors batting - Pitching for Niagara Falls Phantoms : RHP Alex Roman
|
Batting: LHB Ron de Vos
|
0-0: Foul Ball, location: 2F 0-1: Ball 1-1: Ball 2-1: Ball 3-1: Swinging Strike 3-2: Foul Ball, location: 2F 3-2: Foul Ball, location: 2F 3-2: DOUBLE (Flyball, 8LD, EV 107.5 MPH)
|
Pitching: RHP Frank Medrano
|
|
Batting: RHB Mark Noftall
|
0-0: Ground out 5-3 (Groundball, 5, EV 85.0 MPH)
|
Batting: RHB Brandon Williams
|
0-0: Ball 1-0: Ball 2-0: Foul Ball, location: 2F 2-1: Swinging Strike 2-2: Ball 3-2: Ground out 4-3 (Groundball, 4, EV 88.1 MPH) Ron de Vos to third
|
Batting: RHB Carlos Murillo
|
0-0: Ball 1-0: Ball 2-0: SINGLE (Groundball, 56, EV 104.4 MPH) Ron de Vos scores
|
Batting: LHB Nate Greening
|
0-0: Called Strike 0-1: Swinging Strike 0-2: Ball 1-2: Ball 2-2: Ball Carlos Murillo steals 2nd base 3-2: Strikes out swinging
|
Bottom of the 8th over - 1 run, 2 hits, 0 errors, 1 left on base; Niagara Falls 5 - London 8 |
TOP OF THE 9TH |
Niagara Falls Phantoms batting - Pitching for London Majors : RHP Chris Mansfield
|
Pitching: RHP Andrew Dopp
|
|
Batting: RHB Jose Villanueva
|
0-0: Foul Ball, location: 2F 0-1: Foul Ball, location: 2F 0-2: Strikes out swinging
|
Pinch Hitting: LHB Luis Ponce
|
0-0: Ball 1-0: Called Strike 1-1: Swinging Strike 1-2: Foul Ball, location: 2F 1-2: Ball 2-2: Strikes out swinging
|
Batting: RHB Arturo Gomez
|
0-0: Foul Ball, location: 2F 0-1: Ground out 4-3 (Groundball, 34, EV 81.9 MPH)
|
Top of the 9th over - 0 runs, 0 hits, 0 errors, 0 left on base; Niagara Falls 5 - London 8 |
|